Match 47452838
Unlisted

Match 47452838
End
Selects Airborne Battlegroup
Selects Heavy Machine Gun Paradrop
Heavy Machine Gun Paradrop
Construct Weapon Support Center
Bazooka Squad
Heavy Machine Gun Paradrop
Bazooka Squad
Heavy Machine Gun Paradrop
Air Support Center
Selects Paratrooper Squad Paradrop
Paratrooper Squad Paradrop
Construct Motor Pool
M3 Armored Personnel Carrier
Construct Tank Depot
M18 Hellcat Tank Destroyer
Selects Anti-tank Gun Team Paradrop
Selects Recon Loiter
Selects Recon Loiter
Selects Paradrop Reinforcements
M18 Hellcat Tank Destroyer
M18 Hellcat Tank Destroyer
Engineer Squad
Engineer Squad
Recon Loiter
M18 Hellcat Tank Destroyer
Selects Carpet Bombing Run
Recon Loiter
Carpet Bombing Run
M18 Hellcat Tank Destroyer
Selects Anti-tank Gun Team Paradrop
Selects Anti-tank Gun Team Paradrop
Anti-tank Gun Team Paradrop
Carpet Bombing Run
M18 Hellcat Tank Destroyer
Engineer Squad
Engineer Squad
Anti-tank Gun Team Paradrop
Heavy Machine Gun Paradrop
Paratrooper Squad Paradrop
M18 Hellcat Tank Destroyer
五等分的商鞅
bt1
Makarov
電波中毒ガ一ル
MINK IS GOLD
gaga林林
baegi
GaengHo
0
0

Comments sign in to comment!

No comments posted yet!